 Dungeon Crawl Stone Soup version 0.30-a0-1163-gf69bf04e7a (webtiles) character file.

Game seed: 10925465714897103637

30 Esekla the Sneak (level 3, 14/26 HPs)
             Began as an Octopode Delver on Apr 28, 2023.
             Quit the game on level 5 of the Dungeon.
             The game lasted 00:00:39 (30 turns).

Esekla the Sneak (Octopode Delver)                    Turns: 30, Time: 00:00:40

Health: 14/26      AC:  1    Str: 11    XL:     3   Next: 18%
Magic:  3/3        EV: 13    Int: 14    God:
Gold:   10         SH:  0    Dex: 13    Spells: 3/3 levels left

rFire   . . .        a - +0 falchion
rCold   . . .        (no shield)
rNeg    . . .        (helmet restricted)
rPois   .            c - amulet of guardian spirit
rElec   .            (no ring)
rCorr   .            (no ring)
SInv    .            (no ring)
Will    .....        (no ring)
Stlth   ++++         (no ring)
HPRegen 0.24/turn    (no ring)
MPRegen 0.08/turn    (no ring)
                     (no ring)

%: guardian spirit
@: no status effects
A: almost no armour, amphibious, 8 rings, camouflage 1, gelatinous body 1,
(nimble swimmer 1), tentacles
a: no special abilities


You were on level 5 of the Dungeon.
You visited 1 branch of the dungeon, and saw 1 of its levels.

You collected 10 gold pieces.

Inventory:

Hand Weapons
 a - a +0 falchion (weapon)
Jewellery
 c - an amulet of guardian spirit (around mantle)
Wands
 f - a wand of digging (3)
Scrolls
 b - a scroll of fog
 d - a scroll of fear
Potions
 e - a potion of haste


   Skills:
 * Level 3.2 Fighting
 * Level 2.2 Long Blades
 * Level 2.2 Dodging
 + Level 7.1 Stealth
 * Level 0.6 Spellcasting


You had 3 spell levels left.
You didn't know any spells.
Your spell library was empty.

Dungeon Overview and Level Annotations

Branches:
Dungeon (5/15)
 Temple: D:4-7

Altars:

Shops:
D:5 =


Innate Abilities, Weirdness & Mutations

You cannot wear most types of armour.
You are amphibious.
You can wear up to eight rings at the same time.
Your skin changes colour to match your surroundings (Stealth+).
Your rubbery body absorbs attacks. (AC +1, EV +1)
((You are camouflaged when in or above water. (Stealth+)))
You have tentacles for arms and can constrict up to eight enemies at once.


Message History

You open the door.
Found 10 gold pieces.
Found a stone staircase leading up.
There is an open door here.
A hound comes into view.
Found a blackened jasper amulet.
The hound barks!
The hound bites you.
You hit the hound. Your grab misses the hound.
The hound is moderately wounded.
The hound barely misses you.
You closely miss the hound. Your grab misses the hound.
The hound is moderately wounded.
The hound closely misses you. x2
You hit the hound but do no damage. You grab the hound.
The hound is moderately wounded.
You constrict the hound, but do no damage.
The hound bites you. The hound closely misses you.
You barely miss the hound.
The hound is moderately wounded.
You constrict the hound. The hound closely misses you. The hound bites you.
You hit the hound. You squeeze the hound.
The hound is almost dead.
You constrict the hound.
You kill the hound!
Your Stealth skill increases to level 7!
You have reached level 2!
You have reached level 3!
Your experience leads to an increase in your attributes!
Increase (S)trength, (I)ntelligence, or (D)exterity?
You feel clever. x2
You now have 10 gold pieces.
c - an amulet of guardian spirit You start putting on your amulet.
You continue putting on your amulet of guardian spirit. x5
You finish putting on your amulet of guardian spirit.
You feel your power drawn to a protective spirit.
c - an amulet of guardian spirit (around mantle)
Found Ekyd's Jewellery Emporium.
There is an entrance to Ekyd's Jewellery Emporium here.
Are you sure you want to abandon this character and quit the game? (Confirm with "yes".)

,********#*,#.<........#,,,,,,,,,
,*,,,,,,,..,#..........#,,,,,,,,,
,*,,,,,,,,..#......†...#,,,,,,,,,
,*,,*,,,,,.............#,,,,,,,,,
,*,,*,***#####.........#,,,,,,,,,
,****,,,,...........####*********
,,,,,<,,,,....##.##.#
**********###.#.#.#.#**********
,,,,,,,,.......#@#...,,,,,,,,,*
********#####.#.#.#.##*******,*
,,,,,,,,,,,...##,##...,,,,,,,,*
**********#.#,,,,,,.###********
#.,,,,,**** #*******


There were no monsters in sight!

Vanquished Creatures
  A hound (D:5)
1 creature vanquished.

Notes
Turn   | Place    | Note
-------+----------+-------------------------------------------
     0 | D:5      | Esekla the Octopode Delver began the quest for the Orb.
     0 | D:5      | Reached XP level 1. HP: 16/16 MP: 1/1
     6 | D:5      | Noticed a hound
    15 | D:5      | Killed a hound
    16 | D:5      | Reached skill level 7 in Stealth
    16 | D:5      | Reached XP level 2. HP: 8/21 MP: 2/2
    16 | D:5      | Reached XP level 3. HP: 10/26 MP: 3/3
    28 | D:5      | Found Ekyd's Jewellery Emporium.
    30 | D:5      | Quit the game

Illustrated notes

Levels and vault maps discovered:
D:5:      layout_basic, serial_shops, nicolae_shop_gaudy_bauble,
          cheibrodos_sewer_entry_drain, nrook_pool_corridor

Skill      XL: |  1 |
---------------+----+-----
Stealth        | 7 |  7.1
Fighting       | |  3.2
Long Blades    | |  2.2
Dodging        | |  2.2
Spellcasting   | |  0.6

Action                     || total
---------------------------++-------
  Melee: Falchion          ||     5
         Constrict         ||     1
         Tentacles         ||     1
    Use: Scroll            ||     1
  Dodge: Dodged            ||     5

Table legend: (Time is in decaauts)
 A = Elapsed time spent in this place.
 B = Non-inter-level travel time spent in this place.
 C = Inter-level travel time spent in this place.
 D = Time resting spent in this place.
 E = Time spent auto-exploring this place.
 F = Levels seen in this place.
 G = Mean time per level.
                   A        B        C        D        E       F      G
               +--------+--------+--------+--------+--------+-----+--------+
         Total |     31 |     31 |      0 |      0 |      0 |   1 |   31.0 |
       Dungeon |     31 |     31 |      0 |      0 |      0 |   1 |   31.0 |
               +--------+--------+--------+--------+--------+-----+--------+

Top non-repeatable levels by time:
     D:5: 31 daAuts
